 Dungeon Crawl Stone Soup version 0.23-a0-643-g9ccc95a (webtiles) character file.

5826 galech the Cleaver (level 10, 0/77 HPs)
             Began as a Demonspawn Fighter on Dec 31, 2018.
             Killed by vampiric draining
             ... invoked by a vampire
              (14 damage)
             ... on level 11 of the Dungeon.
             The game lasted 00:11:30 (6602 turns).

galech the Cleaver (Demonspawn Fighter)             Turns: 6602, Time: 00:11:30

Health: 0/77       AC: 11    Str: 24    XL:     10   Next: 51%
Magic:  10/10      EV: 13    Int: 10    God:
Gold:   409        SH: 11    Dex: 15    Spells: 9/9 levels left

rFire    . . .     SeeInvis .   o - +1 hand axe (distort)
rCold    . . .     Gourm    +   c - +0 shield
rNeg     . . .     Faith    .   u - +0 troll leather armour {Purgy}
rPois    .         Spirit   .   (helmet restricted)
rElec    .         Reflect  .   j - scarf {repulsion}
rCorr    .         Harm     .   l - +0 pair of gloves
MR       +....                  v - +1 pair of boots
Stlth    ++........             G - amulet of the gourmand
HPRegen  0.62/turn              y - ring of protection from magic
MPRegen  0.12/turn              z - +2 ring of strength

@: mighty, repel missiles
A: horns 2, yellow scales 2
a: no special abilities


You were on level 11 of the Dungeon.
You were not hungry.

You visited 2 branches of the dungeon, and saw 12 of its levels.

You collected 409 gold pieces.

Inventory:

Hand Weapons
 a - a +0 war axe
 o - a +1 hand axe of distortion (weapon)
Armour
 c - a +0 shield (worn)
 j - a scarf of repulsion (worn)
 l - a +0 pair of gloves (worn)
 u - a +0 troll leather armour (worn) {Purgy}
 v - a +1 pair of boots (worn)
Jewellery
 y - a ring of protection from magic (left hand)
 z - a +2 ring of strength (right hand)
 F - an uncursed ring of ice
 G - an amulet of the gourmand (around neck)
 I - an uncursed ring of wizardry
Wands
 s - a wand of clouds (11)
 C - a wand of scattershot (8)
 D - a wand of random effects (8)
Scrolls
 e - 2 scrolls of remove curse
 g - a scroll of enchant weapon
 k - a scroll of fog
 n - 2 scrolls of blinking
 p - 2 scrolls of enchant armour
 r - 3 scrolls of teleportation
 A - a scroll of fear
 H - 2 scrolls of magic mapping {unknown}
 J - a scroll of random uselessness {unknown}
 L - a scroll of silence {unknown}
Potions
 b - 2 potions of agility {unknown}
 d - a potion of might
 i - 2 potions of cancellation {unknown}
 m - a potion of invisibility {unknown}
 q - 2 potions of curing
 t - 2 potions of degeneration {unknown}
 w - 2 potions of berserk rage {unknown}
 x - a potion of magic {unknown}
 B - 2 potions of lignification {unknown}
 E - 2 potions of haste
Comestibles
 f - 14 rations


   Skills:
 + Level 6.4 Fighting
 + Level 9.1 Axes
 + Level 5.4 Armour
 + Level 5.4 Dodging
 + Level 4.0 Stealth
 + Level 6.4 Shields
 + Level 0.8 Unarmed Combat


You had 9 spell levels left.
You didn't know any spells.
Your spell library contained the following spells:

 Spells                   Type           Power        Failure   Level  Hunger
 Corona                   Hex            #......      78%         1    ##.....
 Summon Small Mammal      Summ           #...         78%         1    ##.....
 Call Imp                 Summ           #.......     89%         2    ###....
 Ensorcelled Hibernation  Hex/Ice        #.....       89%         2    ###....
 Slow                     Hex            #.......     89%         2    ###....
 Call Canine Familiar     Summ           #.......     98%         3    ####...
 Confuse                  Hex            #.......     98%         3    ####...
 Dazzling Spray           Conj/Hex       #.....       98%         3    ####...
 Inner Flame              Hex/Fire       #.......     98%         3    ####...
 Portal Projectile        Hex/Tloc       #.....       98%         3    ####...
 Summon Guardian Golem    Hex/Summ       #.......     98%         3    ####...
 Tukima's Dance           Hex            #.......     98%         3    ####...
 Cause Fear               Hex            #.........   100%        4    #####..
 Leda's Liquefaction      Hex/Erth       #.........   100%        4    #####..
 Summon Ice Beast         Ice/Summ       #.......     100%        4    #####..
 Summon Lightning Spire   Summ/Air       #.......     100%        4    #####..
 Bolt of Magma            Conj/Fire/Erth #.........   100%        5    ######.
 Iskenderun's Battlesphe  Conj/Chrm      #.......     100%        5    ######.
 Venom Bolt               Conj/Pois      #.........   100%        5    ######.
 Iron Shot                Conj/Erth      #.........   100%        6    #######
 Orb of Destruction       Conj           #.........   100%        7    #######
 Spellforged Servitor     Conj/Summ      #.........   100%        7    #######


Dungeon Overview and Level Annotations

Branches:
Dungeon (11/15)            Temple (1/1) D:6            Lair (0/6) D:10
    Orc (0/2) D:11

Altars:
Ashenzari
Dithmenos
Elyvilon
Fedhas
Gozag
Hepliaklqana
Kikubaaqudgha
Makhleb
Nemelex Xobeh
Qazlal
Ru
Sif Muna
Trog
Uskayaw
Vehumet
Wu Jian
Xom
Yredelemnul
Zin
The Shining One

Shops:
D:4 *   D:6 [   D:9 :

Annotations:
D:5 2 runed doors, Duffy's ghost, amateur NaWz
D:7 2 transporters, ohad's ghost, novice TrMo
Abyss:1 Dowan; Pikel


Innate Abilities, Weirdness & Mutations

You have a pair of horns on your head.
You are mostly covered in yellow scales. (AC +3)


Message History

Something draws strength from your injuries!
The manticore bites you.
The manticore claws you but does no damage.
The manticore misses you.
You hit the manticore.
Space bends around the manticore.
You kill the manticore!
You hit something but do no damage.
Space warps horribly around something!
You carefully extract the barbed spikes from your body.
Something hits you!
* * * LOW HITPOINT WARNING * * *
Something bites you!
* * * LOW HITPOINT WARNING * * *
Something draws strength from your injuries!
You feel better. You block something's attack. Something barely misses you.
You hit something but do no damage.
Space bends around something.
Your headbutt misses something. Something hits you.
* * * LOW HITPOINT WARNING * * *
Something bites you but does no damage.
You slash something!
Unholy energy fills the air.
You die...

#...##.# #### ####
#.##...# ### $.$
#.##.#####.## #.# #
#......>.).##.##.##§##.##
..########.##...†(§.F.l9.
### ##.##$##(##.##c##
#>.# ##.## # #..## #{)§#
##..####@## ##..###(#
##...((# #######


There were no monsters in sight!

Vanquished Creatures
  A centaur warrior (D:11)
  A manticore (D:11)
  A gargoyle (D:11)
  A yaktaur (D:11)
  Sigmund (D:5)
  A human (D:9)
  5 yaks (D:9)
  A hungry ghost (D:10)
  A basilisk (D:11)
  Duvessa (D:7)
  3 sky beasts
  Purgy (D:3)
  An ogre (D:11)
  A phantom (D:8)
  2 centaurs
  3 bullfrogs
  A water moccasin zombie (D:6)
  A scorpion (D:9)
  7 wights
  4 howler monkeys
  2 crimson imps
  3 hounds
  3 jellies
  An orc wizard (D:7)
  2 centaur skeletons
  An iguana (D:6)
  Natasha (thrice) (D:2)
  A worker ant (D:6)
  A howler monkey zombie (D:6)
  Robin (D:3)
  4 gnolls
  A howler monkey skeleton (D:6)
  7 adders
  A shadow imp (D:6)
  2 oozes
  A worm (D:3)
  A dart slug (D:3)
  4 leopard geckos
  12 orcs
  A ball python (D:1)
  3 bats
  4 bat skeletons (D:6)
  2 bat zombies (D:6)
  4 giant cockroaches
  15 goblins
  3 hobgoblins
  7 jackals (D:1)
  9 kobolds
  4 quokkas
  6 frilled lizards
  A leopard gecko skeleton (D:5)
  A quokka zombie (D:3)
  8 rats
157 creatures vanquished.

Vanquished Creatures (others)
  A hungry ghost (D:11)
  An acid dragon (D:9)
  An orc warrior (D:7)
  An ice beast (D:6)
  An ogre (D:8)
  A crimson imp (D:6)
  An orc priest (D:5)
  2 iguanas
  An orc wizard (D:9)
  A worker ant (D:6)
  An adder (D:4)
  A worm (D:2)
  An orc (D:9)
  A quokka (D:4)
15 creatures vanquished.

Grand Total: 172 creatures vanquished

Notes
Turn   | Place    | Note
-------+----------+-------------------------------------------
     0 | D:1      | galech the Demonspawn Fighter began the quest for the Orb.
     0 | D:1      | Reached XP level 1. HP: 18/18 MP: 1/1
   144 | D:1      | Gained mutation: You have a pair of small horns on your
                  | head. [demonic ancestry]
   144 | D:1      | Reached XP level 2. HP: 20/24 MP: 2/2
   618 | D:1      | Reached skill level 2 in Axes
   618 | D:1      | Gained mutation: You have a pair of horns on your head.
                  | [demonic ancestry]
   618 | D:1      | Reached XP level 3. HP: 29/29 MP: 3/3
  1364 | D:2      | Noticed Natasha
  1374 | D:2      | Killed Natasha
  1374 | D:2      | Gained mutation: You are partially covered in yellow
                  | scales. (AC +2) [demonic ancestry]
  1374 | D:2      | Reached XP level 4. HP: 32/35 MP: 4/4
  1452 | D:2      | Noticed Natasha
  1459 | D:2      | Killed Natasha
  1578 | D:2      | Noticed Natasha
  2074 | D:2      | Killed Natasha
  2074 | D:2      | Reached skill level 3 in Axes
  2074 | D:2      | Reached XP level 5. HP: 40/41 MP: 5/5
  2351 | D:3      | Noticed Robin
  2368 | D:3      | Killed Robin
  2423 | D:3      | Noticed Purgy
  2483 | D:3      | Reached skill level 1 in Dodging
  2495 | D:3      | Killed Purgy
  2495 | D:3      | Reached XP level 6. HP: 44/47 MP: 6/6
  2610 | D:4      | Found Xeifon's Assorted Antiques.
  2616 | D:4      | Found an ornate altar of the Wu Jian Council.
  2617 | D:4      | Found a shimmering altar of Xom.
  2617 | D:4      | Found a sparkling altar of Nemelex Xobeh.
  2618 | D:4      | Found a shadowy altar of Dithmenos.
  2696 | D:4      | Found a hide-covered altar of Uskayaw.
  3282 | D:5      | Entered Level 5 of the Dungeon
  3318 | D:5      | Noticed Sigmund
  3352 | D:5      | Killed Sigmund
  3352 | D:5      | Reached skill level 4 in Axes
  3352 | D:5      | Gained mutation: You are mostly covered in yellow scales.
                  | (AC +3) [demonic ancestry]
  3352 | D:5      | Reached XP level 7. HP: 53/53 MP: 7/7
  3589 | D:5      | Noticed Pikel
  3595 | D:5      | Banished Pikel
  3595 | D:5      | Reached skill level 5 in Axes
  3595 | D:5      | Reached skill level 1 in Stealth
  3906 | D:5      | Found a large runed door.
  3906 | D:5      | Found a large runed door.
  3910 | D:5      | Noticed Duffy's ghost (amateur NaWz)
  3948 | D:6      | Reached XP level 8. HP: 60/60 MP: 8/8
  3962 | D:6      | Found Ostrewa's Armour Boutique.
  4141 | D:6      | Found a staircase to the Ecumenical Temple.
  4152 | D:6      | Reached skill level 6 in Axes
  4186 | Temple   | Entered the Ecumenical Temple
  4321 | D:6      | Found an ancient bone altar of Kikubaaqudgha.
  4383 | D:6      | Reached skill level 5 in Shields
  4527 | D:6      | Found a white marble altar of Elyvilon.
  4527 | D:6      | Found a glowing golden altar of the Shining One.
  4528 | D:6      | Found a glowing silver altar of Zin.
  4768 | D:7      | Noticed Duvessa
  4768 | D:7      | Noticed Dowan
  4775 | D:7      | Banished Dowan
  4841 | D:7      | Reached skill level 5 in Armour
  4918 | D:7      | Found a transporter.
  5047 | D:7      | Reached XP level 9. HP: 67/67 MP: 9/9
  5086 | D:7      | Found a transporter.
  5101 | D:7      | Killed Duvessa
  5108 | D:7      | Noticed ohad's ghost (novice TrMo)
  5152 | D:8      | Reached skill level 5 in Fighting
  5245 | D:8      | Reached skill level 7 in Axes
  5390 | D:9      | Found a radiant altar of Vehumet.
  5831 | D:9      | Found Suceecen's Book Shop.
  5915 | D:9      | Reached skill level 8 in Axes
  6212 | D:10     | Entered Level 10 of the Dungeon
  6301 | D:10     | Noticed a two-headed ogre
  6368 | D:10     | Found a staircase to the Lair.
  6452 | D:11     | Reached XP level 10. HP: 68/76 MP: 10/10
  6465 | D:11     | Noticed a manticore
  6530 | D:11     | Found a staircase to the Orcish Mines.
  6556 | D:11     | Noticed a gargoyle
  6578 | D:11     | Noticed a centaur warrior
  6586 | D:11     | Killed a gargoyle
  6586 | D:11     | Noticed a manticore
  6589 | D:11     | Killed a centaur warrior
  6589 | D:11     | Reached skill level 5 in Dodging
  6593 | D:11     | Reached skill level 9 in Axes
  6599 | D:11     | Killed a manticore
  6602 | D:11     | Killed from afar by a vampire

Vault maps used:
D:1:      lordsloth_arrival_two_stooges, minmay_close_crescents
D:2:      uniq_natasha
D:3:      uniq_purgy, uniq_robin
D:4:      chequers_temple_overflow_statue_of_worship,
          eat_drink_and_be_merry_uskayaw, serial_shops, nicolae_shop_trees,
          first_ration, minmay_crystal_water, minivault_5,
          small_statue_intersection, minmay_strange_pillars
D:5:      ebering_ghost_disaster_area, uniq_sigmund, uniq_pikel
D:6:      good_gods_mini_temple, kennysheep_vampire_church,
          minmay_temple_entry_mist, serial_shops, shop_statue
D:7:      gammafunk_ghost_stat_death, uniq_duvessa
D:8:      gammafunk_temple_overflow_elements, uniq_prince_ribbit1
D:9:      fiery_altar_vehumet, serial_shops, shop, grunt_pizzeria,
          item_on_display_a
D:10:     dpeg_oklobed_lair, uniq_nergalle, uniq_maurice
D:11:     hangedman_cross_veins, orc_0_dummy, gauntlet_entry_generic,
          serial_shops, nicolae_shop_behind_doors
Temple:   cyrus_temple_forest

Skill      XL: |  1  2  3  4  5  6  7  8  9 10 |
---------------+-------------------------------+-----
Shields        | 3 4 5 6 |  6.4
Axes           | 2 3 4 5 6 8 9 |  9.1
Armour         | 3 4 5 |  5.4
Dodging        | 1 2 3 4 5 |  5.4
Fighting       | 4 5 6 |  6.4
Stealth        | 1 2 3 4 |  4.0
Unarmed Combat | |  0.8

Action                   |  1- 3 |  4- 6 |  7- 9 | 10-12 || total
-------------------------+-------+-------+-------+-------++-------
Melee: War axe           |    74 |       |       |       ||    74
       Headbutt          |    12 |    15 |    48 |    10 ||    85
       Hand axe          |    15 |    94 |   276 |    40 ||   425
       Unarmed           |       |    19 |       |       ||    19
  Use: Scroll            |     1 |     1 |     6 |       ||     8
       Potion            |       |       |     1 |     4 ||     5
 Stab: Sleeping          |       |       |     7 |       ||     7
  Eat: Chunk             |     2 |     5 |    21 |     2 ||    30
Armor: Scale mail        |    46 |    25 |       |       ||    71
       Troll leather arm |       |     6 |   107 |    16 ||   129
Dodge: Dodged            |    27 |    31 |    84 |    18 ||   160
       Deflected         |       |       |       |     2 ||     2
Block: Shield            |    58 |    33 |   111 |    29 ||   231

Table legend:
 A = Non-vault XP
 B = Vault XP
 C = Vault XP percentage of total XP
 D = Non-vault monster count
 E = Vault monster count
 F = Vault count percentage of total count
                 A         B        C        D         E       F
            +---------+---------+-------+---------+---------+-------
      Total |    4379 |    3945 |  47.4 |     139 |      35 |  20.1
            +---------+---------+-------+---------+---------+-------
        D:1 |      49 |       4 |   7.5 |      23 |       3 |  11.5
        D:2 |     113 |      35 |  23.6 |      17 |       1 |   5.6
        D:3 |      41 |     167 |  80.3 |      11 |      12 |  52.2
        D:4 |     155 |       0 |   0.0 |       8 |       0 |   0.0
        D:5 |     171 |     628 |  78.6 |      10 |       2 |  16.7
        D:6 |    1080 |      12 |   1.1 |      26 |       6 |  18.8
        D:7 |     308 |     182 |  37.1 |       7 |       2 |  22.2
        D:8 |     241 |       0 |   0.0 |       3 |       0 |   0.0
        D:9 |    1498 |     202 |  11.9 |      21 |       1 |   4.5
       D:10 |     507 |       0 |   0.0 |       7 |       0 |   0.0
       D:11 |     216 |    2715 |  92.6 |       6 |       8 |  57.1
            +---------+---------+-------+---------+---------+-------
